[Event "November 21 Early 2023"]
[Site "https://www.chess.com"]
[Date "2023.11.21"]
[Round "7"]
[White "Nguyen, Ngoc Truong Son"]
[Black "Halkias, Stelios"]
[Result "0-1"]
[Board "5"]
[TimeControl "180+1"]
[WhiteFideId "12401110"]
[BlackFideId "4201809"]
[WhiteElo "2556"]
[BlackElo "2462"]
[WhiteTeam "VIE"]
[BlackTeam "GRE"]
[WhiteClock "0:00:14"]
[BlackClock "0:01:26"]

1. e4 c5 2. Nf3 d6 3. d4 cxd4 4. Nxd4 Nf6 5. Nc3 a6 6. h3 e5 7. Nb3 Be6 8. Bg5 Nbd7 9. Qd2 Rc8 10. Bd3 Be7 11. O-O O-O 12. Be3 Nb6 13. Na5 Qc7 14. a3 Rfd8 15. f4 exf4 16. Bxf4 Qc5+ 17. Be3 Qxa5 18. b4 Qe5 19. Bxb6 Rxc3 20. Bxd8 Bxd8 21. Qf4 Bb6+ 22. Kh1 Nh5 23. Qxe5 dxe5 24. Rf3 Nf4 25. a4 h5 26. a5 Bd4 27. Rb1 g5 28. b5 g4 29. hxg4 hxg4 0-1

[Event "November 21 Early 2023"]
[Site "https://www.chess.com"]
[Date "2023.11.21"]
[Round "7"]
[White "Rustemov, Alexander"]
[Black "Erigaisi Arjun"]
[Result "0-1"]
[Board "6"]
[TimeControl "180+1"]
[WhiteFideId "4119002"]
[BlackFideId "35009192"]
[WhiteElo "2894"]
[BlackElo "2729"]
[WhiteTeam "RUS"]
[BlackTeam "IND"]
[WhiteClock "0:00:00"]
[BlackClock "0:00:13"]

1. d4 e6 2. c4 c5 3. d5 exd5 4. cxd5 d6 5. Nc3 a6 6. a4 g6 7. e4 Bg7 8. h3 Ne7 9. Nf3 O-O 10. Bd3 f5 11. exf5 Nxf5 12. O-O Nd7 13. Bg5 Qb6 14. Qd2 Ne5 15. Nxe5 Bxe5 16. Rae1 Nd4 17. Rxe5 dxe5 18. Be7 Bxh3 19. Bxf8 Rxf8 20. Qe3 Bf5 21. Bxf5 Rxf5 22. Ne4 Qxb2 23. Ng3 Rf7 24. Ne4 Rf4 25. Ng3 c4 26. d6 Rf7 27. Ne4 Nf5 28. Qc5 Qd4 29. Qc8+ Kg7 30. Ng5 Nxd6 31. Qe6 c3 32. Qh3 Kg8 33. Nxf7 Kxf7 34. Rc1 Ne4 35. Qxh7+ Kf6 36. Qh4+ Ke6 37. Qg4+ Kd5 38. Qf3 b5 39. g3 Kc4 40. Rd1 Qxf2+ 41. Qxf2 Nxf2 42. Kxf2 b4 43. Ke3 b3 44. Rd8 b2 45. Rc8+ Kd5 46. Rb8 c2 0-1

[Event "November 21 Early 2023"]
[Site "https://www.chess.com"]
[Date "2023.11.21"]
[Round "7"]
[White "Nihal Sarin"]
[Black "Sjugirov, Sanan"]
[Result "1-0"]
[Board "7"]
[TimeControl "180+1"]
[WhiteFideId "25092340"]
[BlackFideId "4189302"]
[WhiteElo "2689"]
[BlackElo "2569"]
[WhiteTeam "IND"]
[BlackTeam "HUN"]
[WhiteClock "0:00:04"]
[BlackClock "0:00:00"]

1. d4 Nf6 2. Nf3 d5 3. c3 c6 4. Qc2 Qc7 5. g3 Bg4 6. Ne5 Bh5 7. Bf4 Qb6 8. a4 a5 9. Nd2 Nbd7 10. Nxd7 Nxd7 11. Bg2 e6 12. e4 Be7 13. O-O Bg6 14. Rfe1 O-O 15. Qc1 Rfe8 16. h4 Nf6 17. exd5 cxd5 18. Bf1 Bd6 19. Bxd6 Qxd6 20. Nf3 Rec8 21. Ne5 Bf5 22. Qe3 h6 23. Bb5 Rc7 24. f3 Bh7 25. Kf2 Qe7 26. g4 Ne8 27. g5 Nd6 28. Qf4 h5 29. Bf1 Bf5 30. Nd3 g6 31. Qh2 Qd8 32. Ne5 Rac8 33. Kg3 b6 34. Qd2 Rb8 35. Ra3 Qe8 36. Rea1 Rcb7 37. Qf4 Rd8 38. Kf2 Rbb8 39. Rb3 Rb7 40. Bb5 Nxb5 41. Rxb5 Rc8 42. Ke1 Qd8 43. Kd2 Qc7 44. Ra3 Qb8 45. Qe3 Qc7 46. Rab3 Rbb8 47. Ra3 Rb7 48. Ra1 Rbb8 49. Rc1 Rb7 50. Rb3 Qb8 51. Rb5 Qc7 52. Qf4 Qb8 53. Ke3 Qc7 54. Nd3 Qc4 55. Nc5 bxc5 56. Rxb7 cxd4+ 57. Qxd4 Qa2 58. Qf6 1-0

[Event "November 21 Early 2023"]
[Site "https://www.chess.com"]
[Date "2023.11.21"]
[Round "7"]
[White "Maghsoodloo, Parham"]
[Black "Kamsky, Gata"]
[Result "1-0"]
[Board "8"]
[TimeControl "180+1"]
[WhiteFideId "12539929"]
[BlackFideId "2000024"]
[WhiteElo "2660"]
[BlackElo "2660"]
[WhiteTeam "IRI"]
[BlackTeam "USA"]
[WhiteClock "0:00:07"]
[BlackClock "0:00:00"]

1. e4 c5 2. Nf3 e6 3. d4 cxd4 4. Nxd4 a6 5. c4 Nf6 6. Bd3 Nc6 7. Nxc6 dxc6 8. O-O e5 9. h3 Be6 10. Be3 Nd7 11. Nc3 Bc5 12. Qe2 O-O 13. Rad1 Qe7 14. a3 b5 15. Rc1 Bxe3 16. Qxe3 b4 17. Na4 bxa3 18. b3 Qb4 19. Bc2 Rab8 20. Ra1 a5 21. Qc1 Nb6 22. Rxa3 Rfd8 23. Nxb6 Qxb6 24. Qe1 Ra8 25. Ra4 h6 26. Qc3 Qd4 27. Qxd4 Rxd4 28. Rfa1 Rd2 29. Rc1 c5 30. Kf1 Bd7 31. Ra3 Rd4 32. Rca1 a4 33. f3 Kf8 34. Ke1 Rb8 35. bxa4 Rxc4 36. Rb3 Ra8 37. Rb2 Ke7 38. a5 Rb4 39. Rxb4 cxb4 40. Bd3 Kd6 41. Kd2 Kc5 42. Rc1+ Kd6 43. a6 Be6 44. Ra1 Ra7 45. Kc2 Kc5 46. Ra5+ Kd4 47. Kd2 b3 48. g3 g5 49. h4 f6 50. hxg5 fxg5 51. Ra4+ Kc5 52. Kc3 h5 53. Ra5+ Kd6 54. f4 gxf4 55. gxf4 exf4 56. Rxh5 Rc7+ 57. Kd4 f3 58. e5+ Ke7 59. Rh7+ Kd8 60. a7 1-0

[Event "November 21 Early 2023"]
[Site "https://www.chess.com"]
[Date "2023.11.21"]
[Round "7"]
[White "Le, Tuan Minh"]
[Black "Licznerski, Lukasz"]
[Result "1-0"]
[Board "9"]
[TimeControl "180+1"]
[WhiteFideId "12401153"]
[BlackFideId "1179250"]
[WhiteElo "2561"]
[BlackElo "2436"]
[WhiteTeam "VIE"]
[BlackTeam "POL"]
[WhiteClock "0:00:07"]
[BlackClock "0:00:00"]

1. d4 Nf6 2. Nf3 g6 3. Bg5 Bg7 4. Nbd2 d5 5. c3 O-O 6. e3 b6 7. Bd3 Ba6 8. Bxa6 Nxa6 9. Qe2 Nb8 10. O-O c5 11. e4 dxe4 12. Nxe4 Nbd7 13. Rad1 Qc7 14. Rfe1 e6 15. dxc5 bxc5 16. Nxf6+ Nxf6 17. Ne5 Nd5 18. Nc4 h6 19. Bc1 Rfd8 20. g3 Rd7 21. Rd3 Rad8 22. Red1 Nb6 23. Bf4 Qc6 24. Ne5 Bxe5 25. Bxe5 Rxd3 26. Rxd3 Rd5 27. Rxd5 Qxd5 28. b3 c4 29. Bd4 cxb3 30. axb3 Nd7 31. b4 a5 32. bxa5 Qxa5 33. Qf3 Qd5 34. Qe2 e5 35. Be3 g5 36. c4 Qe6 37. c5 f5 38. Qb5 Qd5 39. Qa4 f4 40. c6 Nf6 41. c7 1-0

[Event "November 21 Early 2023"]
[Site "https://www.chess.com"]
[Date "2023.11.21"]
[Round "7"]
[White "Taher, Yoseph Theolifus"]
[Black "Pranesh M"]
[Result "0-1"]
[Board "10"]
[TimeControl "180+1"]
[WhiteFideId "7105347"]
[BlackFideId "35028600"]
[WhiteElo "2352"]
[BlackElo "2481"]
[WhiteTeam "INA"]
[BlackTeam "IND"]
[WhiteClock "0:00:10"]
[BlackClock "0:00:13"]

1. d4 d5 2. Nc3 Nf6 3. Bf4 a6 4. e3 b5 5. Nf3 e6 6. Bd3 c5 7. dxc5 Bxc5 8. O-O Bb7 9. a3 Nbd7 10. Qe2 O-O 11. e4 d4 12. Nb1 h6 13. e5 Nd5 14. Bg3 Ne7 15. Nbd2 Nf5 16. Ne4 Be7 17. Rae1 Rc8 18. Ned2 Nc5 19. Bf4 Nxd3 20. Qxd3 Qc7 21. Rc1 Rfd8 22. Rfe1 g5 23. g4 Ne3 24. Bg3 Nxg4 25. h3 Ne3 26. Nh2 Nf5 27. Ng4 Kg7 28. Ne4 Qc4 29. Qf3 d3 30. cxd3 Qxd3 31. Qxd3 Rxd3 32. Rxc8 Bxc8 33. Nef6 Kg6 34. Rc1 Bb7 35. Ng8 Bf8 36. Bh2 Nd4 37. Kf1 h5 38. Ne3 Nf3 39. Bg1 Nxe5 40. Bh2 Nf3 41. Bb8 e5 42. Rc7 Be4 43. Rc8 Bg7 44. Ne7+ Kh7 45. N7f5 Bf6 46. Rc7 Kg6 47. Ne7+ Bxe7 48. Rxe7 f6 49. Ra7 Rd2 50. Rxa6 Rxb2 51. Nd1 Rd2 52. Nc3 Bd3+ 53. Kg2 b4 54. Rc6 Ne1+ 55. Kg3 bxc3 56. Rxc3 h4+ 57. Kh2 Be4 58. Ba7 Rd1 59. f4 exf4 60. a4 Nd3 61. Bg1 Rd2+ 62. Bf2 Rxf2+ 63. Kg1 Ra2 64. a5 f3 65. Rc8 f2+ 66. Kf1 Ra1+ 67. Ke2 f1=Q+ 68. Ke3 Qe1+ 0-1

[Event "November 21 Early 2023"]
[Site "https://www.chess.com"]
[Date "2023.11.21"]
[Round "7"]
[White "Zakhartsov, Vladimir"]
[Black "Liang, Awonder"]
[Result "0-1"]
[Board "11"]
[TimeControl "180+1"]
[WhiteFideId "4145097"]
[BlackFideId "2056437"]
[WhiteElo "2448"]
[BlackElo "2527"]
[WhiteTeam "RUS"]
[BlackTeam "USA"]
[WhiteClock "0:00:14"]
[BlackClock "0:02:09"]

1. e4 b6 2. d4 Bb7 3. Bd3 e6 4. Nf3 d6 5. O-O Nd7 6. c3 g6 7. a4 a6 8. Qe2 Bg7 9. Bf4 Ne7 10. h4 h6 11. Nbd2 g5 12. hxg5 Ng6 13. Be3 hxg5 14. Bxg5 Bf6 15. Qe3 Qe7 16. e5 Bxg5 17. Nxg5 Nh4 18. Be4 Bxe4 19. Ndxe4 d5 20. Ng3 O-O-O 21. f4 Rdg8 22. Kf2 f6 23. exf6 Nxf6 24. Qxe6+ Qxe6 25. Nxe6 Ng4+ 26. Ke2 Ne3 27. Kxe3 Rxg3+ 28. Kd2 Rxg2+ 29. Kc1 Nf5 30. a5 Rhh2 31. Ra2 Ng3 32. Re1 Ne2+ 33. Kc2 Nxd4+ 34. Kd3 Rd2+ 35. Ke3 Nc2+ 0-1

[Event "November 21 Early 2023"]
[Site "https://www.chess.com"]
[Date "2023.11.21"]
[Round "7"]
[White "Visakh N R"]
[Black "Van Foreest, Jorden"]
[Result "0-1"]
[Board "12"]
[TimeControl "180+1"]
[WhiteFideId "25012223"]
[BlackFideId "1039784"]
[WhiteElo "2474"]
[BlackElo "2664"]
[WhiteTeam "IND"]
[BlackTeam "NED"]
[WhiteClock "0:00:00"]
[BlackClock "0:00:08"]

1. e4 c6 2. Nf3 d5 3. Nc3 Bg4 4. h3 Bxf3 5. Qxf3 Nf6 6. d4 dxe4 7. Nxe4 Qxd4 8. Bd3 Nbd7 9. Be3 Qb4+ 10. Bd2 Qb6 11. Nxf6+ Nxf6 12. Bc3 Nd5 13. O-O Nxc3 14. bxc3 e6 15. Qg3 Rc8 16. Rfe1 Qc7 17. Qg4 Rd8 18. Re2 g6 19. Bc4 Bg7 20. Bxe6 fxe6 21. Qxe6+ Kf8 22. Re3 Bxc3 23. Rxc3 Kg7 24. Re1 Rhf8 25. Rd3 Rxd3 26. cxd3 Qf4 27. Qe3 Qxe3 28. fxe3 Rf5 29. Rb1 b6 30. Rc1 c5 31. d4 cxd4 32. exd4 Ra5 33. Rc2 Kf6 34. Kf2 Kf5 35. Re2 Ra3 36. d5 Rd3 37. Re7 a5 38. Rb7 Rxd5 39. Rxb6 Rd2+ 40. Kf3 Rxa2 41. Rb5+ Kf6 42. h4 a4 43. Ra5 a3 44. g4 Ra1 45. Kg2 Ke6 46. Ra7 a2 47. Ra5 Kd6 48. Kh2 Kc6 49. h5 g5 50. Kg2 Kb6 51. Ra3 Kb5 52. Ra8 Kb4 53. Rb8+ Kc3 54. Rc8+ Kd3 55. Ra8 Rc1 56. Rxa2 Rc2+ 57. Rxc2 Kxc2 58. h6 Kc3 59. Kg3 Kd4 0-1

[Event "November 21 Early 2023"]
[Site "https://www.chess.com"]
[Date "2023.11.21"]
[Round "7"]
[White "Raja Rithvik R"]
[Black "Drygalov, Sergey"]
[Result "1-0"]
[Board "13"]
[TimeControl "180+1"]
[WhiteFideId "35007394"]
[BlackFideId "24171743"]
[WhiteElo "2395"]
[BlackElo "2502"]
[WhiteTeam "IND"]
[BlackTeam "RUS"]
[WhiteClock "0:00:09"]
[BlackClock "0:00:01"]

1. Nf3 d5 2. c4 d4 3. b4 f6 4. e3 e5 5. a3 c5 6. exd4 cxd4 7. Bd3 Ne7 8. O-O Ng6 9. Re1 Be7 10. Bb2 O-O 11. Be4 Nc6 12. d3 Nf4 13. g3 Nh3+ 14. Kg2 Bg4 15. Qb3 Qd7 16. Nbd2 Kh8 17. Qa4 a6 18. c5 Ng5 19. Nxg5 fxg5 20. Nc4 Bh3+ 21. Kg1 Rae8 22. Qc2 Rf6 23. Qe2 Ref8 24. f3 Re6 25. g4 Bd8 26. Kh1 Bc7 27. Rg1 Rh6 28. Rg3 Rh4 29. Bc1 Qe7 30. Bd2 Qf6 31. Re1 h5 32. gxh5 Rxh5 33. Bxg5 Qf7 34. f4 exf4 35. Rxh3 Rxh3 36. Qg4 Qh5 37. Qxh5+ Rxh5 38. h4 f3 39. Rf1 Bd8 40. Rxf3 Rxf3 41. Bxf3 Rh7 42. Be4 g6 43. Bxg6 Rg7 44. Be4 Bxg5 45. hxg5 Rxg5 46. Nd6 Rg7 47. Nxb7 Rxb7 48. Bxc6 Rg7 49. Be4 Kg8 50. a4 Rg5 51. c6 Kf8 52. c7 Ke7 53. c8=Q 1-0

[Event "November 21 Early 2023"]
[Site "https://www.chess.com"]
[Date "2023.11.21"]
[Round "7"]
[White "luckyswitchback"]
[Black "Chigaev, Maksim"]
[Result "1-0"]
[Board "14"]
[TimeControl "180+1"]
[BlackFideId "4108116"]
[WhiteElo "2826"]
[BlackElo "2561"]
[BlackTeam "ESP"]
[WhiteClock "0:00:14"]
[BlackClock "0:00:08"]

1. e4 c5 2. Nf3 d6 3. Bb5+ Bd7 4. Bxd7+ Qxd7 5. c4 e5 6. Nc3 Nc6 7. d3 f5 8. exf5 Nf6 9. Bg5 Qxf5 10. Qe2 Be7 11. Bxf6 gxf6 12. Nd5 O-O-O 13. O-O-O Rhg8 14. g3 Qh5 15. Rhe1 f5 16. h4 Qf7 17. Kb1 Kb8 18. a3 Bf6 19. Ne3 e4 20. dxe4 fxe4 21. Nd2 Rge8 22. Nd5 Nd4 23. Qg4 Bh8 24. Rxe4 Rg8 25. Qf4 Qg6 26. Ne7 Qh5 27. g4 Qxh4 28. Nxg8 Rxg8 29. Qxd6+ Ka8 30. Qxc5 Nc6 31. Rde1 Qd8 32. Nb3 a6 33. Qd5 Qf6 34. Qxg8+ Ka7 35. R1e2 1-0

[Event "November 21 Early 2023"]
[Site "https://www.chess.com"]
[Date "2023.11.21"]
[Round "7"]
[White "Henriquez Villagra, Cristobal"]
[Black "Pendos666"]
[Result "1-0"]
[Board "15"]
[TimeControl "180+1"]
[WhiteFideId "3409350"]
[WhiteElo "2572"]
[BlackElo "2824"]
[WhiteTeam "CHI"]
[WhiteClock "0:00:13"]
[BlackClock "0:00:25"]

1. g3 d5 2. Bg2 c6 3. d3 e5 4. Nf3 Qc7 5. O-O Nf6 6. c4 dxc4 7. dxc4 Be7 8. Nc3 O-O 9. Qc2 Re8 10. h3 Na6 11. Be3 Be6 12. Ng5 Bc8 13. a3 h6 14. Nf3 Be6 15. b3 Bc5 16. Bc1 e4 17. Nxe4 Nxe4 18. Qxe4 Bxh3 19. Qc2 Bxg2 20. Kxg2 Bf8 21. b4 Qe7 22. e3 Nc7 23. Bb2 Rad8 24. Rad1 Ne6 25. c5 a5 26. Nh4 Ng5 27. Nf3 Ne4 28. Rxd8 Rxd8 29. Rd1 Rxd1 30. Qxd1 axb4 31. axb4 Qe6 32. Qd4 f6 33. Nd2 Nxd2 34. Qxd2 Be7 35. Qd4 Kf7 36. g4 Qd5+ 37. Qxd5+ cxd5 38. f4 g6 39. f5 gxf5 40. gxf5 Ke8 41. Bd4 b6 42. cxb6 Kd7 43. Kh3 Kc6 44. b5+ Kxb5 45. b7 Bd6 46. Ba7 Kc6 47. b8=Q Bxb8 48. Bxb8 d4 49. exd4 Kd5 50. Ba7 Ke4 51. Kg4 h5+ 52. Kxh5 Kxf5 53. Kh4 Ke4 54. Kg3 f5 55. Kf2 f4 56. Ke2 f3+ 57. Kf2 Kf4 58. Bb8+ Ke4 59. Be5 1-0

[Event "November 21 Early 2023"]
[Site "https://www.chess.com"]
[Date "2023.11.21"]
[Round "7"]
[White "Ashraf, Artin"]
[Black "Alexandre, Anne Shopie Elizabeth"]
[Result "0-1"]
[Board "16"]
[TimeControl "180+1"]
[WhiteFideId "22514805"]
[BlackFideId "11902418"]
[WhiteElo "2235"]
[BlackElo "2821"]
[WhiteTeam "IRI"]
[BlackTeam "HAI"]
[WhiteClock "0:00:00"]
[BlackClock "0:00:08"]

1. c4 e5 2. Nc3 Nf6 3. g3 Bb4 4. Bg2 O-O 5. d3 d6 6. Bd2 a5 7. e3 Bf5 8. a3 Bc5 9. Qc2 Nc6 10. Nge2 Qd7 11. O-O Rfe8 12. e4 Bh3 13. Bg5 Bxg2 14. Kxg2 Nh5 15. Nd5 h6 16. Be3 Bxe3 17. fxe3 Ne7 18. Nec3 Nxd5 19. Nxd5 Qd8 20. Qf2 Rf8 21. g4 Qg5 22. Qf5 Qxf5 23. Rxf5 g6 24. Rf2 Ng7 25. Nxc7 Rac8 26. Nd5 Rcd8 27. Raf1 Ne6 28. h4 Kg7 29. Kg3 Rb8 30. b4 axb4 31. axb4 b5 32. cxb5 Rxb5 33. Ra2 Rb7 34. Ra6 Rd8 35. Rc1 Rdd7 36. Rcc6 Nc7 37. Nxc7 Rdxc7 38. Rxc7 Rxc7 39. Kf3 Rd7 40. Ke2 Kf6 41. Kd2 Ke6 42. Kc3 Rc7+ 43. Kb2 Rb7 44. Kb3 Rc7 45. b5 Rc1 46. Rc6 Rb1+ 47. Ka4 Kd7 48. Ka5 Rb3 49. Kb6 Rxd3 50. Rc7+ Ke6 51. Ka7 Ra3+ 52. Kb8 Rxe3 53. b6 Rxe4 54. b7 Rxg4 55. Kc8 Rb4 56. b8=Q Rxb8+ 57. Kxb8 f5 58. Kb7 f4 59. Rc2 e4 60. Kb6 Kd5 61. Rd2+ Ke5 62. Kc6 e3 63. Rd3 Ke4 64. Rxd6 f3 65. Rxg6 f2 66. Rf6 e2 67. Re6+ Kf3 68. Rf6+ Kg2 69. Rg6+ Kf1 70. Rf6 e1=Q 71. Rxf2+ Qxf2 0-1

[Event "November 21 Early 2023"]
[Site "https://www.chess.com"]
[Date "2023.11.21"]
[Round "7"]
[White "Materia, Marco"]
[Black "Ter-Sahakyan, Samvel"]
[Result "1/2-1/2"]
[Board "17"]
[TimeControl "180+1"]
[WhiteFideId "45150451"]
[BlackFideId "13302531"]
[WhiteElo "2451"]
[BlackElo "2556"]
[WhiteTeam "FRA"]
[BlackTeam "ARM"]
[WhiteClock "0:00:23"]
[BlackClock "0:00:13"]

1. d4 Nf6 2. c4 e6 3. Nf3 d5 4. Nc3 Bb4 5. cxd5 exd5 6. Bf4 Ne4 7. Rc1 Nd7 8. e3 g5 9. Be5 f6 10. Bg3 h5 11. h4 Nxg3 12. fxg3 g4 13. Nd2 c6 14. Bd3 Bd6 15. Ne2 Qe7 16. Kf2 f5 17. Nf4 Nf6 18. Re1 Bd7 19. Nb3 Kf7 20. Nc5 Bxc5 21. Rxc5 Kg7 22. Qb3 Rab8 23. Qa3 a6 24. Rc3 Rhe8 25. Qxe7+ Rxe7 26. Rb3 Be6 27. Bxa6 Ne4+ 28. Kg1 Nxg3 29. Bd3 Bf7 30. Kf2 Ne4+ 31. Bxe4 dxe4 32. Ra3 b5 33. Rc1 Rb6 34. Ra8 b4 35. Rc5 Kf6 36. Rf8 Kg7 37. Rc8 Ra7 38. Rxf5 Rbb7 39. Rxc6 Rxa2 40. Nxh5+ Bxh5 41. Rg5+ Kf8 42. Rxh5 Rxb2+ 43. Kg3 Re2 44. Rf5+ Kg7 45. Rg5+ Kh7 46. Rxg4 b3 47. Rc5 Kh6 48. Rc6+ Kh7 49. Rc5 Kh6 50. Rc6+ Kh7 1/2-1/2

[Event "November 21 Early 2023"]
[Site "https://www.chess.com"]
[Date "2023.11.21"]
[Round "7"]
[White "Al-Tarboush, Ward"]
[Black "Shimanov, Aleksandr"]
[Result "0-1"]
[Board "18"]
[TimeControl "180+1"]
[WhiteFideId "7601450"]
[BlackFideId "4198603"]
[WhiteElo "2280"]
[BlackElo "2611"]
[WhiteTeam "NOR"]
[BlackTeam "RUS"]
[WhiteClock "0:00:02"]
[BlackClock "0:00:09"]

1. e4 e6 2. d4 d5 3. exd5 exd5 4. Bd3 Nc6 5. Nf3 Bg4 6. c3 Qd7 7. O-O Bd6 8. Re1+ Nge7 9. Nbd2 O-O 10. Nf1 Rae8 11. Ne3 Bh5 12. h3 Kh8 13. Bd2 f5 14. Bc2 f4 15. Nf1 Ng6 16. N1h2 Nh4 17. Bb1 g5 18. Bc2 Rxe1+ 19. Bxe1 Re8 20. Bd2 Nd8 21. Ng4 Bxg4 22. hxg4 Qxg4 23. Nxh4 Qxh4 24. Qf3 g4 25. g3 fxg3 26. fxg3 gxf3 27. gxh4 Re2 28. Rd1 Bg3 29. Bf5 Rg2+ 30. Kf1 Rh2 31. Be3 Rh1+ 32. Bg1 f2 33. Kg2 Rxg1+ 34. Rxg1 fxg1=Q+ 35. Kxg1 Bxh4 36. Kg2 Be7 37. Bd7 Kg7 38. Kf3 h5 39. Kf4 Kf6 40. Bh3 Bd6+ 41. Kf3 Kg5 42. Bc8 h4 43. b4 b6 44. a4 c5 45. bxc5 bxc5 46. a5 cxd4 47. cxd4 Nc6 48. a6 Nxd4+ 49. Ke3 Nf5+ 50. Kd3 h3 51. Bb7 Ne7 0-1

[Event "November 21 Early 2023"]
[Site "https://www.chess.com"]
[Date "2023.11.21"]
[Round "7"]
[White "Puranik, Abhimanyu"]
[Black "Hilary46"]
[Result "1-0"]
[Board "19"]
[TimeControl "180+1"]
[WhiteFideId "5061245"]
[WhiteElo "2493"]
[BlackElo "2640"]
[WhiteTeam "IND"]
[WhiteClock "0:00:05"]
[BlackClock "0:00:02"]

1. b3 e5 2. Bb2 Nc6 3. e3 d5 4. Bb5 Bd6 5. f4 f6 6. Ne2 Ne7 7. O-O O-O 8. Ng3 a6 9. Be2 exf4 10. exf4 Nf5 11. Nxf5 Bxf5 12. Nc3 d4 13. Bc4+ Kh8 14. Ne2 Bc5 15. Kh1 Qd7 16. Ng3 Bg4 17. Be2 Bxe2 18. Qxe2 d3 19. cxd3 Rfe8 20. Qf3 Rad8 21. Rac1 Bb4 22. Nh5 Qxd3 23. Nxf6 Qxf3 24. Rxf3 gxf6 25. Bxf6+ Kg8 26. Bxd8 Rxd8 27. d3 Kf7 28. h3 Bd6 29. Re3 Nb4 30. a4 Nd5 31. Re4 Nf6 32. Rec4 Re8 33. Kg1 Re2 34. Rxc7+ Bxc7 35. Rxc7+ Re7 36. Rc4 Rd7 37. d4 Nd5 38. g3 Ne3 39. Rc5 Kf6 40. Kf2 Nf5 41. d5 Ne7 42. g4 Nxd5 43. Kf3 Ke6 44. a5 Kd6 45. Rc4 Re7 46. Re4 Rc7 47. Rd4 Rc3+ 48. Ke4 Re3+ 49. Kf5 Rxh3 50. b4 Rb3 51. Ke4 Re3+ 52. Kf5 Kc6 53. g5 Rb3 54. Ke6 Nxb4 55. f5 Re3+ 56. Kf7 Nd5 57. f6 Re5 58. Rg4 Rf5 59. Kg7 Kd6 60. f7 Kd7 61. f8=Q Rxf8 62. Kxf8 b6 63. axb6 Nxb6 64. Kg7 a5 65. Kxh7 a4 66. g6 a3 67. g7 1-0

[Event "November 21 Early 2023"]
[Site "https://www.chess.com"]
[Date "2023.11.21"]
[Round "7"]
[White "Idani, Pouya"]
[Black "Lazavik, Denis"]
[Result "1/2-1/2"]
[Board "20"]
[TimeControl "180+1"]
[WhiteFideId "12510130"]
[BlackFideId "13515110"]
[WhiteElo "2574"]
[BlackElo "2556"]
[WhiteTeam "IRI"]
[BlackTeam "BLR"]
[WhiteClock "0:00:20"]
[BlackClock "0:00:19"]

1. e4 c5 2. Nf3 e6 3. d4 cxd4 4. Bg5 Qa5+ 5. c3 dxc3 6. Nxc3 Nc6 7. Bc4 Nf6 8. O-O Be7 9. Re1 d6 10. Nd5 Qd8 11. Nxe7 Qxe7 12. Qd2 O-O 13. Rad1 Rd8 14. b4 a6 15. a4 b6 16. b5 axb5 17. axb5 Na5 18. Bf1 Bb7 19. Qe3 h6 20. Bxf6 Qxf6 21. Qxb6 Qe7 22. Rc1 Rd7 23. Ra1 Nb3 24. Rxa8+ Bxa8 25. Qe3 Nc5 26. Nd2 d5 27. exd5 Bxd5 28. Nc4 Bxc4 29. Bxc4 Na4 30. Bf1 Qd6 31. Rc1 Qd4 32. Qxd4 Rxd4 33. Rb1 Nb6 34. g3 Kf8 35. Rc1 Rb4 36. Rc6 Nd5 37. Bc4 Nf6 38. Kg2 Nd7 39. Rc7 Ke7 40. Be2 Kd6 41. Rc6+ Ke7 42. Rc7 Kd6 43. Rc6+ Ke7 44. Rc7 1/2-1/2

[Event "November 21 Early 2023"]
[Site "https://www.chess.com"]
[Date "2023.11.21"]
[Round "7"]
[White "Bortnyk, Olexandr"]
[Black "Cherniaiev, Tykhon"]
[Result "1-0"]
[Board "21"]
[TimeControl "180+1"]
[WhiteFideId "14120828"]
[BlackFideId "14182360"]
[WhiteElo "2725"]
[BlackElo "2438"]
[WhiteTeam "UKR"]
[BlackTeam "UKR"]
[WhiteClock "0:00:23"]
[BlackClock "0:00:02"]

1. e4 e5 2. Nf3 Nc6 3. Bb5 a6 4. Ba4 Nge7 5. Nc3 d6 6. d3 Bg4 7. h3 Bxf3 8. Qxf3 Ng6 9. Be3 Be7 10. g3 Bg5 11. h4 Bxe3 12. fxe3 Qd7 13. Rf1 Nf8 14. O-O-O Ne6 15. Nd5 Nc5 16. Bb3 Nxb3+ 17. axb3 Rf8 18. Qh5 h6 19. g4 O-O-O 20. g5 hxg5 21. hxg5 Rde8 22. Qh7 Rg8 23. Rf5 Nd8 24. Rdf1 Kb8 25. g6 fxg6 26. Qxg6 Qe6 27. Qh7 a5 28. Rf6 gxf6 29. Qxc7+ Ka7 30. Qxa5+ Kb8 31. Qc7+ Ka7 32. Kd2 Rg2+ 33. Kc3 Rxc2+ 34. Kxc2 Nc6 35. Ra1+ Na5 36. Rxa5# 1-0

[Event "November 21 Early 2023"]
[Site "https://www.chess.com"]
[Date "2023.11.21"]
[Round "7"]
[White "Vakhlamov, Igor L."]
[Black "Galchenko, Matvey"]
[Result "1-0"]
[Board "22"]
[TimeControl "180+1"]
[WhiteFideId "24126748"]
[BlackFideId "24175480"]
[WhiteElo "2407"]
[BlackElo "2406"]
[WhiteTeam "RUS"]
[BlackTeam "FID"]
[WhiteClock "0:00:11"]
[BlackClock "0:00:00"]

1. e4 e6 2. d4 d5 3. Nc3 h6 4. Bd3 Nc6 5. Nf3 Nb4 6. O-O Nxd3 7. Qxd3 Nf6 8. Re1 Be7 9. Bf4 dxe4 10. Nxe4 O-O 11. Be5 Nd5 12. c4 Nb4 13. Qe2 Nc6 14. Bg3 Nxd4 15. Nxd4 Qxd4 16. Bxc7 f5 17. Nc3 Qc5 18. Be5 Bd7 19. a3 Rac8 20. Rad1 Rfd8 21. Rd2 Bg5 22. Rd4 Be8 23. b4 Qe7 24. c5 b6 25. Rxd8 Qxd8 26. Bd6 Bf7 27. Nb5 Qd7 28. Nd4 Bf6 29. Nf3 bxc5 30. bxc5 Bh5 31. h3 e5 32. Nxe5 Qxd6 33. Qa2+ 1-0

[Event "November 21 Early 2023"]
[Site "https://www.chess.com"]
[Date "2023.11.21"]
[Round "7"]
[White "Maksimovic, Bojan"]
[Black "Khismatullin, Denis"]
[Result "1-0"]
[Board "23"]
[TimeControl "180+1"]
[WhiteFideId "14408120"]
[BlackFideId "4142578"]
[WhiteElo "2546"]
[BlackElo "2552"]
[WhiteTeam "BIH"]
[BlackTeam "RUS"]
[WhiteClock "0:00:04"]
[BlackClock "0:00:00"]

1. a3 e5 2. e4 Nf6 3. Nc3 d5 4. exd5 Nxd5 5. Qh5 Nc6 6. Bb5 Nf6 7. Qxe5+ Be7 8. Nf3 O-O 9. Bxc6 bxc6 10. O-O Re8 11. d3 Bxa3 12. Qg3 Bd6 13. Qh4 h6 14. h3 Bb7 15. Re1 c5 16. Rxe8+ Qxe8 17. Bxh6 Bxf3 18. gxf3 Qe5 19. f4 Qf5 20. Bg5 Nh7 21. Qg4 Qxg4+ 22. hxg4 f6 23. Bh4 Bxf4 24. Ne4 c4 25. dxc4 Nf8 26. Rd1 a5 27. Bg3 Ne6 28. Ra1 Bxg3 29. fxg3 Rd8 30. Rxa5 Rd4 31. Nf2 Rd2 32. b4 Rxc2 33. c5 Rc4 34. Rb5 Kf7 35. Rb8 Kg6 36. Kg2 Rc2 37. Kf3 Ng5+ 38. Ke3 Rc3+ 39. Ke2 Rxg3 40. Rb7 Ne6 41. c6 Nd4+ 42. Kf1 Nxc6 43. b5 Ne5 44. Rxc7 Nxg4 45. Ne4 Rf3+ 46. Kg2 Rb3 47. Nd6 Ne3+ 48. Kf2 Nd5 49. Rd7 Nf4 50. Ne8 Nh5 51. Nd6 Kg5 52. Rb7 Kf4 53. b6 g5 54. Rb8 Rb2+ 55. Ke1 g4 56. b7 g3 57. Rg8 Rb1+ 58. Ke2 Rb2+ 59. Ke1 Kf3 60. b8=Q Rxb8 61. Rxb8 Nf4 62. Rb3+ Kg4 63. Ne4 Ng2+ 64. Kf1 Nh4 65. Nxg3 1-0

[Event "November 21 Early 2023"]
[Site "https://www.chess.com"]
[Date "2023.11.21"]
[Round "7"]
[White "Kuzubov, Yuriy"]
[Black "Lobanov, Sergei"]
[Result "1-0"]
[Board "24"]
[TimeControl "180+1"]
[WhiteFideId "14112906"]
[BlackFideId "24183750"]
[WhiteElo "2487"]
[BlackElo "2483"]
[WhiteTeam "UKR"]
[BlackTeam "FID"]
[WhiteClock "0:00:35"]
[BlackClock "0:00:15"]

1. d4 Nf6 2. Nf3 d5 3. c4 e6 4. Nc3 Bb4 5. Bg5 h6 6. Bxf6 Qxf6 7. e3 O-O 8. Rc1 dxc4 9. Bxc4 c5 10. dxc5 Bxc5 11. Qc2 Nc6 12. Ne4 Bb4+ 13. Ke2 Qe7 14. g4 Bd7 15. g5 Na5 16. Rhg1 Kh8 17. gxh6 g6 18. a3 Rac8 19. b3 Nxc4 20. axb4 Bb5 21. bxc4 Rxc4 22. Qb2+ f6 23. Rxc4 Bxc4+ 24. Ke1 e5 25. Rxg6 Qd7 26. Nxe5 Qf5 27. Rxf6 Rxf6 28. Nxc4 1-0